Map: Galactic Process LE

Players

Gracz - Winner!

  • Race: Terran Terran
  • League: Silver

Ignisami

  • Race: Terran Terran

VOD

Have the link to the VOD?

Description

Time

  • Played on: Oct. 22, 2016, 11:31 a.m.
  • Length: 6:57
Show
View Real Time Build Order
Export as new Build Order

Gracz Terran - Winner!

Build Orders: Cyclone Opening 

Get SALT Encoding   

  12  0:01  SCV  
  13  0:20  Supply Depot  
  13  0:26  Refinery  
  13  0:27  SCV  
  14  0:45  Barracks  
  14  0:51  SCV  
  15  1:03  SCV  
  16  1:15  Refinery  
  16  1:16  SCV  
  17  1:24  Supply Depot  
  17  1:39  SCV  
  18  1:47  Factory  
  18  1:51  SCV  
  19  1:55  Reaper  
  20  2:05  Orbital Command  
  20  2:35  Factory Tech Lab  
  20  2:36  Barracks Tech Lab, Starport  
  20  2:59  Cyclone  
  20  3:01  Barracks  
  24  3:08  SCV  
  27  3:13  Marauder  
  27  3:16  Starport Reactor  
  27  3:20  SCV  
  28  3:31  Supply Depot  
  28  3:38  Cyclone  
  28  3:40  Marauder  
  34  4:02  Medivac x2  
  38  4:23  Unknown, Command Center  
  38  4:24  Stimpack  
  38  4:28  Barracks Reactor  
  38  4:37  Marine  
  39  4:51  Siege Tank  
  42  5:03  Marauder  
  42  5:04  Marine x2  
  46  5:13  Supply Depot  
  46  5:17  Liberator  
  46  5:35  Unknown, Orbital Command  
  49  5:39  SCV  
  50  5:51  SCV  
  51  6:03  SCV  
  52  6:15  SCV  
Show
View Real Time Build Order
Export as new Build Order

Ignisami Terran 

Build Orders: MMM Bio 

Get SALT Encoding   

  12  0:01  SCV  
  13  0:13  SCV  
  14  0:17  Supply Depot  
  14  0:25  SCV  
  15  0:38  SCV  
  15  0:41  Barracks  
  16  0:48  Refinery  
  16  0:51  SCV  
  17  1:03  SCV  
  18  1:15  SCV  
  19  1:28  SCV  
  19  1:31  Reaper  
  21  1:40  Supply Depot  
  21  1:45  Unknown, Command Center  
  21  1:50  SCV  
  22  1:56  Refinery  
  22  2:06  Barracks  
  23  2:17  Orbital Command  
  22  2:31  Barracks Reactor  
  22  2:55  SCV  
  22  2:56  Unknown  
  22  3:01  Factory  
  22  3:03  Barracks Tech Lab  
  22  3:07  Marine x2  
  22  3:10  SCV  
  25  3:23  Marauder  
  25  3:25  Stimpack  
  25  3:26  Marine x2  
  29  3:29  SCV  
  29  3:31  SCV  
  31  3:41  SCV  
  31  3:44  Marine x2  
  34  4:02  Marine x2  
  35  4:03  Marauder  
  35  4:06  Factory Reactor  
  35  4:08  Starport  
  37  4:16  SCV  
  38  4:21  SCV  
  39  4:24  Marine x2  
  39  4:25  Marauder  
  39  4:29  Supply Depot  
  39  4:30  SCV  
  44  4:42  Marine x2  
  46  4:56  Engineering Bay, Marauder  
  48  5:00  Medivac x2  
  48  5:02  Marine x2  
  54  5:11  Factory Tech Lab  
  54  5:19  Supply Depot  
  54  5:26  Combat Shields  
  54  5:40  Marine x2, SCV, Widow Mine  
  54  5:41  SCV, Marauder  
  62  6:00  Engineering Bay  
  62  6:02  Medivac x2  
  48  6:07  Marine x2  
  48  6:09  Marauder  
  40  6:28  Marine  
  34  6:33  Marine  
  34  6:37  Marine  
Tags
 
Add a new tag
Caveats
  • Supply blocks, unpowered buildings, or Contaminate may cause inaccurate times.
  • Supply counts are checked every 10 seconds.